 Dungeon Sprint DCSS version 0.31.0-9-g3a7656b989 (webtiles) character file.

Game seed: 7496991015585187639

18 Groucho the Ducker (level 2, -2/16 HPs)
             Began as a Felid Shapeshifter on Jan 31, 2024.
             Slain by a human (10 damage)
             ... in the Dungeon (Sprint III: "The Ten Rune Challenge").
             The game lasted 00:00:35 (63 turns).

Groucho the Ducker (Felid Shapeshifter)               Turns: 63, Time: 00:00:36

Health: -2/16      AC:  1    Str: 10    XL:     2   Next: 48%
Magic:  3/3        EV: 18    Int: 13    God:
Gold:   11         SH:  0    Dex: 15    Spells: 1/1 levels left
                                        Lives:  0   Deaths: 1

rFire   . .          .
                       - Unarmed
rCold   . . .        (shield unavailable)
rNeg    . . .        (body armour unavailable)
rPois   .            (helmet unavailable)
rElec   .            (cloak unavailable)
rCorr   .            (gloves unavailable)
SInv    +            (boots unavailable)
Will    .....        (no amulet)
Stlth   ++           (no ring)
HPRegen 0.22/turn    (no ring)
MPRegen 0.08/turn

%: no teleportation
@: beast-form
A: beast (slay +1), very small, claws 1, fangs 3, see invisible, shaggy fur 1,
stealthy paws, no weapons or thrown items, no armour, multi-lived
a: Begin Untransformation


You were in the Dungeon.
You were a hulking beast.
You visited 1 branch You collected 11 gold pieces.

Inventory:

Talismans
 b - a beast talisman
 c - a flux talisman
Scrolls
 i - a scroll of blinking
Potions
 a - a potion of lignification
 d - a potion of curing
 f - a potion of haste
 g - 2 potions of magic


   Skills:
 + Level 2.3 Fighting
 + Level 4.0 Dodging
 + Level 3.0 Stealth
 + Level 3.7 Unarmed Combat
 + Level 3.2 Shapeshifting


You had one spell level left.
You didn't know any spells.
Your spell library was empty.

Dungeon Overview and Level Annotations

Branches:
Dungeon (1/1)

Altars:


Innate Abilities, Weirdness & Mutations

You are a hulking beast.
Your limbs bulge with bestial killing power. (Slay +1)
You have sharp claws.
You have razor-sharp teeth.
You have supernaturally acute eyesight. (SInv)
You are covered in fur. (AC +1)
Your paws help you pounce on unaware monsters.
You are incapable of wielding weapons or throwing items.
You cannot wear armour.
You gain extra lives every three experience levels.


Message History

You die...
Your shape twists and changes as you die.
The wolf barely misses you.
You rejoin the land of the living...
The wolf closely misses you. The wolf misses you.
You barely miss the wolf.
The wolf is heavily wounded.
The wolf barely misses you. The wolf bites you!
Ouch! That really hurt!
* * * LOW HITPOINT WARNING * * *
You are too injured to fight recklessly!
You are too injured to fight recklessly!
Unknown command.
You feel much better. The wolf misses you.
Okay, then.
You scratch the wolf.
You kill the wolf!
Your Fighting skill increases to level 2!
Your Dodging skill increases to level 4!
Your Stealth skill gained 2 levels and is now at level 3!
Your Shapeshifting skill increases to level 3!
You have reached level 2!
Unknown command.
You scratch the human.
The human is lightly wounded.
The human hits you!
You closely miss the human. Your bite misses the human.
The human is lightly wounded.
The human hits you.
Unknown command.
You scratch the human but do no damage. Your bite misses the human.
The human is lightly wounded.
The human closely misses you.
Unknown command.
Unknown command.
You scratch the human.
The human is lightly wounded.
The human hits you!
Ouch! That really hurt!
You die...

▓...#......##
▓..##.......# .#
▓##.##.##..†# .#
##.##.###..# ..#
▓#.####.##..# ...+
▓.###..##..##
#...# ▓#.†...##..#
#....#
###..##...##.....#
##..##...h#......#
#..###..##p#.....#
#..# #..#####....#
▓▓▓▓ ▓▓▓▓ ▓▓▓▓▓


You could see a human.

Vanquished Creatures
  A wolf (D)
  An endoplasm (D)
  3 rats (D)
5 creatures vanquished.

Notes
Turn   | Place    | Note
-------+----------+-------------------------------------------
     0 | D        | Groucho the Felid Shapeshifter began the quest for the Orb.
     0 | D        | Reached XP level 1. HP: 10/10 MP: 2/2
    15 | D        | Reached skill level 3 in Dodging
    15 | D        | Reached skill level 1 in Stealth
    50 | D        | Noticed a wolf
    54 | D        | Slain by a wolf
    54 | D        | Lost a life (0 lives remaining)
    59 | D        | Killed a wolf
    60 | D        | Reached skill level 4 in Dodging
    60 | D        | Reached XP level 2. HP: 16/16 MP: 3/3
    63 | D        | Slain by a human

Illustrated notes

Levels and vault maps discovered:
D:        dungeon_sprint_mu [sprint_mu_entry_cave, sprint_mu_temple_rooms,
          sprint_mu_d1_spiders, sprint_mu_d2_genie, sprint_mu_d3_branching,
          sprint_mu_orc_legion, sprint_mu_elf_gauntlet, sprint_mu_hive_nellie,
          sprint_mu_lair_fedhas, sprint_mu_vaults_butterflies,
          sprint_mu_slime_circle, sprint_mu_swamp_cave, sprint_mu_shoals_archi,
          sprint_mu_blade_basic, sprint_mu_crypt_lich, sprint_mu_tomb_spiral,
          sprint_mu_vestibule_basic, sprint_mu_gehenna_hellfire,
          sprint_mu_dis_giant, sprint_mu_tartarus_statrot,
          sprint_mu_cocytus_islands, sprint_mu_zot1]

Skill      XL: |  1 |
---------------+----+-----
Dodging        | 4 |  4.0
Stealth        | 3 |  3.0
Fighting       | 2 |  2.3
Shapeshifting  | 3 |  3.2
Unarmed Combat | |  3.7

Action                     || total
---------------------------++-------
  Melee: Unarmed           ||    14
         Bite              ||     2
    Use: Potion            ||     2
 Armour: Skin              ||     8
  Dodge: Dodged            ||    12
